 Dungeon Crawl Stone Soup version 0.31-a0-879-g1609e0ac53 (webtiles) character file.

Game seed: 1461418583211397964

1856 Zonian the Thaumaturge (level 8, 0/61 HPs)
             Began as a Deep Elf Ice Elementalist on Oct 15, 2023.
             Was an Initiate of Ashenzari.
             Killed from afar by a steam dragon (12 damage)
             ... with a ball of steam
             ... on level 6 of the Dungeon.
             The game lasted 00:23:45 (9376 turns).

Zonian the Thaumaturge (Deep Elf Ice Elementalist)  Turns: 9376, Time: 00:23:46

Health: 0/61       AC: 24    Str:  5    XL:     8   Next: 89%
Magic:  0/23       EV:  2    Int: 23    God:    Ashenzari [......]
Gold:   237        SH:  0    Dex: 15    Spells: 12/26 levels left

rFire   . . .        y - +1 whip (freeze)
rCold   + . .        (no shield)
rNeg    . . .        a - melded +0 robe
rPois   +            o - melded +1 helmet of Ashenzari's Jealousy {Dev, Elem} (curse)
rElec   .            (cloak currently unavailable)
rCorr   .            w - melded +4 pair of gloves of Elyvilon, Witching {+Blink Int+2 SInv}
SInv    .            e - melded +0 pair of boots
Will    .....        n - amulet of guardian spirit
Stlth   +++          p - ring of protection from cold
HPRegen 0.30/turn    (no ring)
MPRegen 0.18/turn

%: guardian spirit
@: tree-form, freezing walls
A: stationary, stasis, torment immunity, boosted hp
a: Renounce Religion, Curse Item, Shatter the Chains


You were on level 6 of the Dungeon.
You worshipped Ashenzari.
Ashenzari was noncommittal.
You were a tree.
You visited 2 branches of the dungeon, and saw 7 of its levels.
You also visited: Ossuary.

You collected 267 gold pieces.
You spent 30 gold pieces at shops.

Inventory:

Hand Weapons
 c - a +0 dagger
 s - a +0 falchion
 y - a +1 whip of freezing (weapon)
Missiles
 z - 6 boomerangs
 C - 3 atropa-tipped darts
Armour
 a - a +0 robe (melded)
 e - a +0 pair of boots (melded)
 o - the cursed +1 helmet of Ashenzari's Jealousy (melded) {Dev, Elem}
   (You found it on level 3 of the Dungeon)

   It has a curse which improves the following skills: Devices: Evocations and
   Shapeshifting.
   Elements:  Fire Magic, Ice Magic, Air Magic and Earth Magic.
 w - the +4 pair of gloves of Elyvilon, Witching (melded) {+Blink Int+2 SInv}
   (You acquired it on level 5 of the Dungeon)

   Int+2:     It affects your intelligence (+2).
   SInv:      It lets you see invisible.
   +Blink:    It lets you blink.
 D - a +1 hat of stealth
Magical Staves
 g - a staff of earth
Jewellery
 n - an amulet of guardian spirit (around neck)
 p - a ring of protection from cold (left branch)
Wands
 v - a wand of iceblast (5)
 B - a wand of charming (8)
Scrolls
 d - a scroll of noise
 l - 5 scrolls of teleportation
 x - 2 scrolls of immolation {unknown}
 A - a scroll of brand weapon {unknown}
Potions
 b - a potion of magic
 f - 3 potions of mutation
 h - a potion of degeneration {unknown}
 i - a potion of lignification
 j - a potion of berserk rage {unknown}
 k - 2 potions of cancellation {unknown}
 m - 2 potions of haste
 q - a potion of resistance {unknown}
 r - a potion of brilliance {unknown}
 t - a potion of curing
 u - a potion of enlightenment {unknown}


   Skills:
 - Level 3.7 Dodging
 - Level 3.8 Stealth
 + Level 9.6 Spellcasting
 + Level 5.0 Conjurations
 + Level 6.1 Hexes
 - Level 7.1 Ice Magic


You had 12 spell levels left.
You knew the following spells:

 Your Spells              Type           Power      Damage    Failure   Level
a - Freeze                Ice            100%       1d10      1%          1
b - Frozen Ramparts       Ice            86%        1d13      1%          3
c - Ozocubu's Armour      Ice            43%        N/A       1%          3
d - Dazzling Flash        Conj/Hex       72%        N/A       1%          3
e - Ensorcelled Hibernat  Hex/Ice        82%        N/A       1%          2
f - Jinxbite              Hex            78%        N/A       1%          2

Your spell library contained the following spells:

 Spells                   Type           Power      Damage    Failure   Level
 Apportation              Tloc           22%        N/A       6%          1
 Passwall                 Tmut/Erth      9%         N/A       9%          2
 Summon Ice Beast         Ice/Summ       27%        N/A       14%         4
 Swiftness                Air            11%        N/A       19%         3
 Volatile Blastmotes      Fire/Tloc      22%        2d11      19%         3
 Alistair's Intoxication  Tmut/Pois      7%         N/A       86%         5
 Starburst                Conj/Fire      11%        6d5       97%         6
 Maxwell's Capacitive Co  Air            5%         ∞         100%        8


Dungeon Overview and Level Annotations

Branches:
Dungeon (6/15)             Temple (1/1) D:4         Ossuary (visited)

Altars:
Ashenzari
Cheibriados
Dithmenos
Fedhas
Gozag
Hepliaklqana
Makhleb
Nemelex Xobeh
Okawaru
Qazlal
Ru
Sif Muna
Trog
Uskayaw
Vehumet
Wu Jian
Xom
Yredelemnul
The Shining One

Shops:
D:2 !   D:3 [![?


Message History

The jelly completely misses you. The heat melts your icy armour.
Your icy armour cracks and falls away as you move.
Things that are here:
a +0 giant spiked club; an ogre corpse It was a potion of lignification.
You turn into a tree.
The cursed +1 helmet of Ashenzari's Jealousy {Dev, Elem} melds into your body.
The +4 pair of gloves of Elyvilon, Witching {+Blink Int+2 SInv} melds into your body.
Your +0 pair of boots melds into your body.
Your +0 robe melds into your body.
Your roots penetrate the ground.
You feel strangely stable. The jelly hits you but does no damage.
It was a potion of curing.
You feel better. The jelly hits you but does no damage.
Casting: Freeze (safe; 1% risk of failure)
Confirm with . or Enter, or press ? or * to list all spells.
Casting: Frozen Ramparts (safe; 1% risk of failure)
Press: ? - help, Dir - look around, f - activate The walls around you are covered in ice.
The wall freezes the jelly!
The jelly hits you but does no damage.
You hit the jelly. You freeze the jelly.
You kill the jelly!
The wall freezes the steam dragon but does no damage.
Unknown command.
You completely miss the steam dragon.
The wall freezes the steam dragon!
The steam dragon bites you.
* * * LOW HITPOINT WARNING * * *
The steam dragon barely misses you.
Unknown command.
You closely miss the steam dragon.
The steam dragon is moderately wounded.
The wall freezes the steam dragon.
The steam dragon bites you but does no damage.
The steam dragon claws you but does no damage.
Unknown command.
You hit the steam dragon but do no damage.
The steam dragon is moderately wounded.
The wall freezes the steam dragon.
The steam dragon breathes steam at you. The ball of steam hits you!
You die...

... ## ... .### ...
#.#.######... ....
#.#..#.....# .....
###.........########..
.....###.....................
#................###.......#
.O...#.......>....#........#
.............##.♣...........#
#..O...####D...).......
#.........##...D.<...........
..D.......##.###.............
.....l.....#.# ###...........
.............. ##........#.
.............. ..........
...##.......... ......... ...
#.......... .......


You could see a steam dragon (catching breath).

Vanquished Creatures
  Pikel (D:5)
  A steam dragon (D:6)
  3 black bears
  An ogre (D:6)
  A phantom (D:5)
  2 bullfrogs
  2 water moccasin zombies (Ossuary)
  2 scorpions
  A howler monkey (D:6)
  2 hounds
  2 orc priests (D:5)
  A jelly (D:6)
  3 iguanas
  An orc wizard (D:3)
  2 mummies (Ossuary)
  6 adders
  An adder zombie (Ossuary)
  2 worms
  A dart slug (D:1)
  9 orcs
  7 bats
  13 endoplasms
  4 giant cockroaches
  3 goblins
  6 hobgoblins
  9 kobolds
  3 quokkas
  6 ball pythons
  7 frilled lizards
  2 gnoll zombies (Ossuary)
  2 goblin zombies (D:5)
  5 hobgoblin zombies (Ossuary)
  11 kobold zombies (Ossuary)
  An orc zombie (Ossuary)
  4 rats
127 creatures vanquished.

Vanquished Creatures (others)
  A shadow imp (D:6)
  A white imp (D:6)
2 creatures vanquished.

Grand Total: 129 creatures vanquished

Notes
Turn   | Place    | Note
-------+----------+-------------------------------------------
     0 | D:1      | Zonian the Deep Elf Ice Elementalist began the quest for
                  | the Orb.
     0 | D:1      | Reached XP level 1. HP: 10/10 MP: 6/6
   319 | D:1      | Reached XP level 2. HP: 15/15 MP: 8/8
   843 | D:1      | Reached XP level 3. HP: 19/19 MP: 8/10
  2396 | D:2      | Found Tiec's Distillery.
  2436 | D:2      | Reached XP level 4. HP: 24/24 MP: 11/11
  2672 | D:3      | Found Guigalo's Armour Shoppe.
  3242 | D:2      | Learned a level 3 spell: Frozen Ramparts
  3246 | D:2      | Learned a level 3 spell: Ozocubu's Armour
  3283 | D:3      | Reached skill level 4 in Spellcasting
  3283 | D:3      | Reached skill level 5 in Ice Magic
  3284 | D:3      | Found Leni's Antique Armour Emporium.
  3782 | D:3      | Found Qeivuh Noke's Magic Scroll Emporium.
  3790 | D:3      | Bought a scroll of teleportation for 30 gold pieces
  3886 | D:3      | Reached XP level 5. HP: 25/28 MP: 9/13
  3944 | D:3      | Found Reoca's Distillery.
  4320 | D:4      | Found a blossoming altar of Fedhas.
  4321 | D:4      | Found an iron altar of Okawaru.
  4348 | D:4      | Found a staircase to the Ecumenical Temple.
  4359 | D:4      | Reached skill level 5 in Spellcasting
  4377 | Temple   | Entered the Ecumenical Temple
  4423 | Temple   | Became a worshipper of Ashenzari the Shackled
  5085 | D:4      | Noticed a black bear
  5091 | D:4      | Killed a black bear
  5092 | D:4      | Reached XP level 6. HP: 31/32 MP: 7/16
  5562 | D:5      | Entered Level 5 of the Dungeon
  5639 | D:5      | Found a sand-covered staircase.
  5770 | Ossuary  | Entered an ossuary
  6028 | Ossuary  | Reached skill level 6 in Spellcasting
  7918 | D:5      | Reached XP level 7. HP: 30/36 MP: 10/19
  8414 | D:5      | Reached skill level 7 in Spellcasting
  8449 | D:5      | Learned a level 3 spell: Dazzling Flash
  8501 | D:5      | Noticed Pikel
  8510 | D:5      | Killed Pikel
  8511 | D:5      | Reached skill level 8 in Spellcasting
  8511 | D:5      | Reached XP level 8. HP: 34/41 MP: 13/22
  8613 | D:5      | Learned a level 2 spell: Ensorcelled Hibernation
  8686 | D:5      | Identified a scroll of acquirement
  8686 | D:5      | Acquired the +4 pair of gloves of Elyvilon, Witching
                  | {+Blink Int+2 SInv}
  8850 | D:5      | Learned a level 2 spell: Jinxbite
  9332 | D:6      | Reached skill level 9 in Spellcasting
  9332 | D:6      | Reached skill level 5 in Hexes
  9365 | D:6      | Reached skill level 5 in Conjurations
  9376 | D:6      | Killed from afar by a steam dragon

Illustrated notes

Levels and vault maps discovered:
D:1:      dpeg_arrival_stone_temple_mockup, layout_basic
D:2:      layout_basic, serial_shops, shop, st_stairs_12,
          corexii_leaking_fountain
D:3:      layout_basic, serial_shops, nicolae_shop_hallway_stairs,
          nicolae_shop_industrial_runoff, nicolae_diamond_shop, shop,
          minmay_misc_feat_rows, serial_bayou_crossing
D:4:      wander_river, layout_loops_corners,
          chequers_temple_overflow_statue_of_worship,
          minmay_temple_entry_gardened_gates
D:5:      layout_basic, enter_ossuary_4, hex_tiny, uniq_pikel
D:6:      layout_rooms, kennysheep_mini, serial_shops, nicolae_shop_behind_doors
Temple:   minmay_crystal_spiral_temple

Skill      XL: |  1  2  3  4  5  6  7  8 |
---------------+-------------------------+-----
Stealth        | 3 |  3.8
Dodging        | 3 |  3.7
Spellcasting   | 4 5 6 8 9 |  9.6
Ice Magic      | 5 6 7 |  7.1
Conjurations   | 3 5 |  5.0
Hexes          | 3 6 |  6.1

Action                     |  1- 3 |  4- 6 |  7- 9 || total
---------------------------+-------+-------+-------++-------
  Melee: Dagger            |    19 |    86 |     4 ||   109
         Falchion          |       |   104 |    24 ||   128
         Punch             |       |     3 |     1 ||     4
         Whip              |       |       |    81 ||    81
   Cast: Freeze            |    49 |    42 |     4 ||    95
         Frozen Ramparts   |       |     3 |    10 ||    13
         Ozocubu's Armour  |       |     8 |     5 ||    13
         Dazzling Flash    |       |       |     2 ||     2
         Jinxbite          |       |       |     1 ||     1
 Invoke: Curse Item        |       |     1 |       ||     1
  Evoke: Wand              |       |       |     1 ||     1
    Use: Scroll            |       |     8 |     3 ||    11
         Potion            |       |       |     3 ||     3
   Stab: Sleeping          |     6 |    10 |     2 ||    18
 Armour: Robe              |    21 |   117 |    85 ||   223
         Skin              |       |       |     7 ||     7
  Dodge: Dodged            |    30 |   139 |    74 ||   243

Table legend: (Time is in decaauts)
 A = Elapsed time spent in this place.
 B = Non-inter-level travel time spent in this place.
 C = Inter-level travel time spent in this place.
 D = Time resting spent in this place.
 E = Time spent auto-exploring this place.
 F = Levels seen in this place.
 G = Mean time per level.
                   A        B        C        D        E       F      G
               +--------+--------+--------+--------+--------+-----+--------+
         Total |   9453 |   9181 |    272 |   4724 |   2529 |   8 | 1181.6 |
       Dungeon |   7223 |   6989 |    234 |   2922 |   2521 |   6 | 1203.8 |
        Temple |     84 |     46 |     38 |      0 |      8 |   1 |   84.0 |
       Ossuary |   2145 |   2145 |      0 |   1802 |      0 |   1 | 2145.0 |
               +--------+--------+--------+--------+--------+-----+--------+

Top non-repeatable levels by time:
 Ossuary: 2145 daAuts
     D:2: 1677 daAuts
     D:5: 1575 daAuts
     D:1: 1533 daAuts
     D:4: 1409 daAuts
     D:3: 893 daAuts
     D:6: 134 daAuts
  Temple: 84 daAuts
